 Dungeon Crawl Stone Soup version 0.32-a0-613-g40f424ee2b (webtiles) character file.

Game seed: 13902397835705231973

49 CrazyBamboolord the Trooper (level 3, -9/33 HPs)
             Began as a Minotaur Fighter on Mar 5, 2024.
             Was a Believer of Jiyva.
             Killed by divine providence
             ... invoked by an orc priest
              (16 damage)
             ... on level 3 of the Dungeon.
             The game lasted 00:01:37 (1109 turns).

CrazyBamboolord the Trooper (Minotaur Fighter)      Turns: 1109, Time: 00:01:37

Health: -9/33      AC:  7    Str: 22    XL:     3   Next: 53%
Magic:  2/2        EV:  9    Int:  5    God:    Jiyva [**....]
Gold:   128        SH:  9    Dex:  9    Spells: 2/2 levels left

rFire   . . .        a - +0 flail
rCold   . . .        c - +0 buckler
rNeg    . . .        b - +0 scale mail
rPois   .            (helmet restricted)
rElec   .            (no cloak)
rCorr   +            (no gloves)
SInv    .            (no boots)
Will    .....        k - amulet of reflection Stlth
                     (no ring)
HPRegen 1.21/turn    (no ring)
MPRegen 0.56/turn

%: reflection
@: no status effects
A: horns 2, retaliatory headbutt
a: Renounce Religion


You were on level 3 of the Dungeon.
You worshipped Jiyva.
Jiyva was pleased with you.
You visited 1 branch of the dungeon, and saw 3 of its levels.

You collected 128 gold pieces.

Inventory:

Hand Weapons
 a - a +0 flail (weapon)
Missiles
 g - 4 javelins (quivered)
Armour
 b - a +0 scale mail (worn)
 c - a +0 buckler (worn)
Jewellery
 k - an amulet of reflection (around neck)
Scrolls
 e - a scroll of fog
 f - a scroll of vulnerability {unknown}
 j - a scroll of acquirement {unknown}
 m - a scroll of enchant weapon {unknown}
 o - a scroll of identify
Potions
 d - a potion of might
 h - a potion of attraction
 i - a potion of lignification {unknown}
 l - a potion of heal wounds
 n - a potion of mutation {unknown}


   Skills:
 + Level 4.2 Fighting
 + Level 3.1 Maces & Flails
 + Level 4.2 Armour
 + Level 4.1 Shields


You had 2 spell levels left.
You didn't know any spells.
Your spell library was empty.

Dungeon Overview and Level Annotations

Branches:
Dungeon (3/15)

Altars:
Wu Jian
Jiyva


Innate Abilities, Weirdness & Mutations

You have a pair of horns on your head.
You reflexively headbutt those who attack you in melee.


Message History

An orc comes into view. It is wielding a +0 club.
An orc priest comes into view. It is wielding a +0 whip.
The hobgoblin barely misses you. You furiously retaliate!
You headbutt the hobgoblin!
You kill the hobgoblin!
An orc priest comes into view. It is wielding a +0 dagger.
The orc priest shouts!
An orc priest comes into view. It is wielding a +1 dagger of speed.
You see here a hobgoblin corpse.
The orc priest looks encouraged for a moment.
You thump the orc!
You kill the orc!
Okay, then.
The orc priest casts a cantrip, but nothing happens.
The orc priest barely misses you.
Things that are here:
a +0 club; an orc corpse
Okay, then.
You closely miss the orc priest. Your headbutt misses the orc priest.
The orc priest hits you with a +0 dagger.
The orc priest hits you but does no damage.
You hear a distant slurping noise.
The orc priest mumbles some strange prayers to Beogh against you.
Beogh smites you!
You sock the orc priest!
The orc priest is severely wounded.
The orc priest invokes the aid of Beogh against you.
Beogh smites you!
* * * LOW HITPOINT WARNING * * *
You block the orc priest's attack.
The orc priest calls upon Beogh to heal the orc priest.
The orc priest is healed somewhat.
The orc priest hits you with a +0 dagger.
* * * LOW HITPOINT WARNING * * *
You barely miss the orc priest. You headbutt the orc priest.
The orc priest is severely wounded.
The orc priest invokes the aid of Beogh against you.
Beogh smites you!
You die...
Jiyva sends a jelly to digest your remains.

...# ...# .# ...##
.### #.# ....# ##
##..# ....## #
##...# ..#..# ###..#
######.....
....########....o...
.†.............#oo#
..†..........##.@#
....#####.####..##
..............†.#
....###########.#
....# #.# ...## #..
...# #### .... >...


You could see 3 orc priests.

Vanquished Creatures
  An adder (D:2)
  A ribbon worm (D:2)
  A dart slug (D:2)
  An orc (D:3)
  A giant cockroach (D:2)
  4 goblins
  5 hobgoblins
  2 kobolds
  4 quokkas
  2 ball pythons (D:1)
  6 bats
  2 frilled lizards
  5 rats
35 creatures vanquished.

Vanquished Creatures (others)
  2 endoplasms
  A goblin (D:2)
  A bat (D:3)
4 creatures vanquished.

Grand Total: 39 creatures vanquished

Notes
Turn   | Place    | Note
-------+----------+-------------------------------------------
     0 | D:1      | CrazyBamboolord the Minotaur Fighter began the quest for
                  | the Orb.
     0 | D:1      | Reached XP level 1. HP: 19/19 MP: 0/0
   187 | D:1      | Found a faded altar of an unknown god.
   201 | D:1      | Prayed at the altar of an unknown god.
   201 | D:1      | Became a worshipper of Jiyva Jeseffil the Shapeless
   201 | D:1      | Reached * piety under Jiyva
   290 | D:1      | Reached XP level 2. HP: 27/27 MP: 1/1
   759 | D:2      | Found an ornate altar of the Wu Jian Council.
   765 | D:2      | Reached ** piety under Jiyva
   776 | D:2      | Reached XP level 3. HP: 29/33 MP: 2/2
  1109 | D:3      | Killed from afar by an orc priest

Illustrated notes

Levels and vault maps discovered:
D:1:      saegor_arrival_simple_d, layout_basic, ebering_ecumenical_altar_box,
          st_stairs_5, serial_park_tiny_1
D:2:      layout_rooms, basic_altar
D:3:      layout_rooms

Skill      XL: |  1  2 |
---------------+-------+-----
Fighting       | 4 |  4.2
Shields        | 4 |  4.1
Armour         | 4 |  4.2
Maces & Flails | 3 |  3.1

Action                     || total
---------------------------++-------
  Melee: Flail             ||    83
         Headbutt          ||     9
    Use: Scroll            ||     3
 Armour: Scale mail        ||    71
  Dodge: Dodged            ||    37
  Block: Buckler           ||    22

Table legend: (Time is in decaauts)
 A = Elapsed time spent in this place.
 B = Non-inter-level travel time spent in this place.
 C = Inter-level travel time spent in this place.
 D = Time resting spent in this place.
 E = Time spent auto-exploring this place.
 F = Levels seen in this place.
 G = Mean time per level.
                   A        B        C        D        E       F      G
               +--------+--------+--------+--------+--------+-----+--------+
         Total |   1133 |   1095 |     38 |      0 |    804 |   3 |  377.7 |
       Dungeon |   1133 |   1095 |     38 |      0 |    804 |   3 |  377.7 |
               +--------+--------+--------+--------+--------+-----+--------+

Top non-repeatable levels by time:
     D:1: 595 daAuts
     D:2: 473 daAuts
     D:3: 64 daAuts
